Map: Vaani Research Station (Void)

Players

PinoKotsBeer

  • Race: Terran Terran
  • League: Master
  • Spawn Location: 12:00

A.I. 1 (Very Easy) - Winner!

  • Race: Zerg Zerg
  • Spawn Location: 6:00

VOD

Have the link to the VOD?

Description

Time

  • Played on: Jan. 12, 2017, 5:22 a.m.
  • Length: 10:38
Show
View Real Time Build Order
Export as new Build Order

PinoKotsBeer Terran 

Build Orders: Hellion Banshee, Mech 

Get SALT Encoding   

  12  0:01  SCV  
  13  0:13  SCV  
  14  0:18  Supply Depot  
  14  0:25  SCV  
  15  0:40  SCV  
  15  0:41  Barracks  
  16  0:52  SCV  
  17  1:04  SCV  
  18  1:17  Command Center  
  18  1:28  Orbital Command  
  18  1:38  Refinery  
  18  1:39  Refinery  
  18  1:41  Marine  
  19  1:53  SCV  
  20  1:59  Marine  
  21  2:03  Supply Depot  
  21  2:05  SCV  
  22  2:17  Marine  
  23  2:25  SCV  
  23  2:27  Factory  
  24  2:30  Orbital Command  
  24  2:37  Barracks Reactor, SCV  
  24  2:49  SCV  
  25  2:56  SCV  
  26  3:04  SCV  
  27  3:13  Starport  
  27  3:16  SCV  
  27  3:17  SCV  
  29  3:21  Barracks Tech Lab, Hellion x2  
  33  3:29  SCV  
  33  3:30  SCV  
  35  3:41  SCV  
  36  3:42  SCV, Hellion x2  
  41  3:49  Supply Depot  
  41  3:53  SCV  
  42  3:56  Banshee  
  42  3:57  Cloaking Field  
  42  3:59  SCV  
  46  4:11  SCV x2, Hellion x2, Supply Depot  
  52  4:19  Armory  
  52  4:20  Armory  
  52  4:23  SCV x2  
  54  4:30  Refinery  
  54  4:31  Refinery  
  54  4:35  SCV x2  
  56  4:39  Banshee  
  56  4:42  Supply Depot  
  59  4:47  SCV x2  
  61  4:59  SCV  
  62  5:01  Command Center  
  62  5:03  SCV  
  63  5:07  Terran Vehicle Weapons Level 1  
  63  5:08  Terran Vehicle And Ship Armor Level 1  
  63  5:11  SCV  
  64  5:16  SCV  
  65  5:22  Factory  
  65  5:23  SCV, Factory  
  65  5:28  SCV  
  67  5:33  Supply Depot  
  67  5:35  SCV  
  67  5:37  Supply Depot  
  67  5:40  SCV  
  69  5:48  SCV  
  70  5:55  SCV, Hellion x2  
  75  6:00  SCV, Supply Depot  
  76  6:05  Factory Tech Lab  
  76  6:07  Factory Tech Lab  
  76  6:11  Engineering Bay  
  76  6:13  SCV x2  
  78  6:19  Banshee  
  78  6:25  SCV  
  82  6:26  Siege Tank  
  82  6:27  Hellion x2, Factory  
  82  6:29  Refinery, Factory  
  82  6:30  Supply Depot  
  92  6:34  SCV  
  92  6:38  Refinery  
  93  6:40  Orbital Command  
  93  6:45  SCV  
  94  6:48  Siege Tank  
  94  6:50  SCV  
  95  6:56  Supply Depot  
  95  6:57  SCV  
  95  7:00  Siege Tank  
  99  7:02  SCV  
  99  7:03  Banshee  
  99  7:05  Terran Vehicle Weapons Level 2  
  99  7:08  Terran Vehicle And Ship Armor Level 2  
  103  7:10  Factory Tech Lab  
  103  7:12  Factory Reactor  
  103  7:17  SCV x2, Hellion  
  103  7:19  SCV  
  103  7:21  Siege Tank  
  109  7:27  Supply Depot  
  109  7:28  Supply Depot  
  109  7:31  Siege Tank  
  109  7:32  Hellion x2  
  109  7:35  Siege Tank  
  109  7:36  Supply Depot  
  119  7:47  Banshee  
  119  7:49  Hellion x2  
  119  7:50  Infernal Pre-Igniter  
  126  7:56  Siege Tank, Supply Depot x2  
  126  7:57  Hellion x2  
  133  8:04  Siege Tank  
  136  8:07  Supply Depot  
  136  8:12  Siege Tank  
  139  8:13  Hellion x2  
  139  8:19  Supply Depot  
  143  8:20  Hellion x2  
  143  8:22  Supply Depot  
  147  8:29  Siege Tank  
  147  8:30  Banshee  
  153  8:36  Hellion x2  
  153  8:37  Siege Tank  
  153  8:38  Command Center  
  160  8:44  Hellion x2  
  164  8:50  Siege Tank  
  167  8:58  Supply Depot x2  
  167  8:59  Hellion x2  
  174  9:02  Siege Tank  
  174  9:06  Hellion x2  
  178  9:10  Thor  
  178  9:15  Banshee  
  187  9:21  Supply Depot  
  187  9:24  Hellion x2  
  194  9:25  Thor  
  197  9:32  Hellion  
  197  9:35  Refinery  
  199  9:55  Missile Turret x3  
  199  9:56  Missile Turret  
  199  9:59  Missile Turret  
  199  10:13  Refinery  
  199  10:20  Starport  
  199  10:21  Starport  
  199  10:22  Starport  
  199  10:29  Missile Turret  
  199  10:32  Missile Turret  
Show
View Real Time Build Order
Export as new Build Order

A.I. 1 (Very Easy) Zerg - Winner!

Build Orders: Hatch First 

Get SALT Encoding   

  12  0:01  Drone  
  13  0:13  Overlord  
  13  0:18  Drone  
  14  0:43  Hatchery  
  14  0:47  Drone  
  14  1:05  Spawning Pool  
  14  1:07  Extractor  
  14  1:09  Drone  
  13  1:16  Drone  
  14  1:23  Overlord  
  14  1:52  Zergling x2  
  15  1:54  Queen  
  15  1:55  Zergling x2  
  18  2:04  Roach Warren  
  18  2:07  Drone  
  18  2:12  Extractor  
  17  2:16  Drone  
  17  2:20  Zergling x2  
  19  2:26  Drone  
  20  2:33  Drone  
  21  2:40  Drone  
  22  2:47  Drone  
  23  2:54  Drone  
  24  3:01  Drone  
  25  3:09  Drone, Roach  
  28  3:14  Overlord  
  28  3:19  Drone  
  29  3:26  Drone  
  30  3:32  Lair  
  30  3:33  Drone  
  31  3:45  Drone  
  32  3:53  Drone  
  33  3:58  Roach  
  33  4:00  Drone  
  36  4:03  Overlord  
  36  4:07  Drone  
  37  4:14  Drone  
  38  4:22  Drone  
  39  4:29  Drone  
  39  4:31  Overseer  
  40  4:33  Overseer  
  40  4:36  Drone  
  40  4:43  Drone  
  41  4:46  Ravager  
  41  4:47  Roach  
  41  4:50  Drone  
  41  4:51  Extractor  
  41  4:52  Overlord  
  44  4:57  Drone  
  45  5:04  Drone  
  46  5:09  Extractor  
  46  5:12  Drone  
  46  5:19  Drone  
  47  5:26  Drone  
  48  5:33  Drone  
  49  5:40  Drone  
  50  5:47  Drone  
Tags
 
Add a new tag
Caveats
  • Supply blocks, unpowered buildings, or Contaminate may cause inaccurate times.
  • Supply counts are checked every 10 seconds.